Map: Orbital Shipyard

Players

Bloodmeat - Winner!

  • Race: Zerg Zerg
  • League: Platinum

LindyHop

  • Race: Zerg Zerg
  • League: Platinum

VOD

Have the link to the VOD?

Description

Time

  • Played on: Dec. 16, 2015, 6:31 p.m.
  • Length: 11:22
Show
View Real Time Build Order
Export as new Build Order

Bloodmeat Zerg - Winner!

Build Orders: Hatch First, Lurkers 

Get SALT Encoding   

  12  0:00  Drone  
  13  0:12  Overlord  
  13  0:18  Drone  
  14  0:31  Drone x2  
  14  0:34  Drone  
  17  0:54  Hatchery  
  16  0:58  Drone  
  17  1:13  Spawning Pool  
  16  1:19  Drone  
  16  1:20  Extractor  
  16  1:24  Drone x2  
  18  1:30  Drone  
  19  1:48  Drone  
  19  1:52  Overlord  
  20  1:59  Queen  
  22  2:06  Queen  
  22  2:07  Zergling x2  
  22  2:08  Zergling x2  
  26  2:17  Zergling x2  
  27  2:32  Baneling Nest, Drone x3  
  29  2:41  Drone x2  
  31  2:47  Metabolic Boost  
  31  2:48  Drone  
  32  2:52  Drone  
  32  2:58  Overlord  
  33  3:00  Drone  
  34  3:08  Drone  
  34  3:10  Drone  
  36  3:16  Queen  
  38  3:22  Drone x3  
  38  3:23  Overlord  
  38  3:24  Drone  
  38  3:25  Drone  
  43  3:31  Lair  
  43  3:34  Baneling  
  43  3:52  Drone, Extractor x2  
  43  3:53  Drone x8, Extractor  
  49  3:56  Overlord  
  49  4:06  Overlord  
  49  4:07  Drone  
  50  4:13  Drone x2  
  52  4:24  Drone  
  52  4:25  Drone x2  
  52  4:26  Zergling x6  
  58  4:34  Spire  
  58  4:37  Zergling x2  
  58  4:38  Zergling x4  
  60  4:54  Zergling x10  
  60  4:55  Zergling x4  
  60  4:58  Hatchery  
  66  5:02  Overlord x2  
  66  5:25  Overlord  
  66  5:26  Zergling x10  
  71  5:47  Mutalisk x5  
  81  5:53  Mutalisk x4  
  89  6:01  Mutalisk  
  91  6:17  Overseer  
  91  6:23  Hydralisk Den  
  91  6:24  Mutalisk  
  92  6:36  Drone  
  92  6:37  Drone x5  
  92  6:38  Overlord x3  
  92  6:39  Overlord  
  98  6:58  Zergling x2  
  98  6:59  Zergling x8  
  98  7:01  Lurker Den  
  101  7:09  Hydralisk  
  101  7:10  Hydralisk x5  
  113  7:18  Drone x3  
  113  7:20  Mutalisk  
  118  7:36  Spore Crawler  
  117  7:37  Spore Crawler  
  117  7:41  Spore Crawler  
  117  7:42  Spore Crawler  
  114  7:45  Spore Crawler x3  
  114  7:48  Drone x12  
  123  7:51  Extractor  
  123  7:53  Extractor  
  121  8:19  Overlord x2  
  121  8:20  Overlord x3  
  121  8:35  Overlord  
  121  8:36  Overlord  
  121  8:48  Hydralisk x2  
  121  8:49  Hydralisk x8  
  141  8:56  Hydralisk x6  
  141  9:02  Lurker x5  
  158  9:16  Overlord  
  158  9:17  Overlord, Hydralisk x2  
  162  9:25  Overlord x2  
  162  9:40  Lurker  
  162  9:43  Lurker x2  
  165  9:52  Hydralisk  
  165  9:53  Hydralisk x8  
  165  9:54  Zergling x6  
  165  9:55  Zergling x10  
  191  10:07  Hydralisk, Zergling x2  
  191  10:09  Overlord  
  194  10:27  Overseer x2  
  162  10:49  Hydralisk  
  136  10:50  Hydralisk x11  
Show
View Real Time Build Order
Export as new Build Order

LindyHop Zerg 

Build Orders: Hatch First, Muta Ling Bane 

Get SALT Encoding   

  12  0:01  Drone  
  13  0:12  Overlord  
  13  0:17  Drone  
  14  0:31  Drone x2  
  16  0:51  Hatchery  
  16  0:55  Drone  
  16  0:57  Drone  
  16  1:02  Extractor  
  16  1:17  Spawning Pool  
  15  1:22  Drone  
  16  1:27  Drone  
  17  1:37  Drone x2  
  19  1:47  Drone  
  20  1:56  Overlord  
  20  2:04  Queen  
  22  2:10  Metabolic Boost  
  22  2:20  Zergling x4  
  24  2:24  Queen  
  24  2:27  Drone  
  27  2:45  Drone x4  
  27  2:49  Overlord  
  31  2:58  Roach Warren  
  30  3:06  Queen  
  32  3:20  Drone x2  
  32  3:21  Overlord  
  34  3:30  Queen  
  34  3:32  Overlord  
  36  3:36  Drone x2  
  36  3:37  Drone  
  36  3:40  Drone x2  
  36  3:41  Drone  
  42  3:43  Roach  
  44  3:53  Roach x3  
  50  3:56  Roach  
  52  4:03  Lair  
  52  4:04  Extractor  
  51  4:15  Drone x4, Extractor  
  51  4:16  Drone x2, Extractor  
  55  4:38  Drone x5  
  57  4:39  Overlord x3  
  60  5:01  Spine Crawler  
  59  5:17  Drone x2  
  59  5:18  Drone x3  
  59  5:20  Spire  
  63  5:24  Overlord  
  63  5:56  Hatchery  
  62  6:07  Zergling x2  
  62  6:08  Zergling x6  
  66  6:21  Overlord x2  
  66  6:35  Mutalisk x9  
  66  6:38  Overlord x3  
  84  6:47  Mutalisk x2  
  84  6:52  Spore Crawler  
  81  6:54  Spore Crawler, Mutalisk  
  81  6:55  Mutalisk x2  
  78  7:05  Mutalisk  
  79  7:09  Drone x4  
  79  7:14  Drone  
  84  7:32  Zergling x6  
  84  7:33  Zergling x10  
  84  7:35  Mutalisk x2, Zerg Flyer Weapons Level 1  
  96  7:37  Zergling x2  
  96  7:38  Extractor  
  96  7:41  Drone  
  96  7:42  Drone  
  98  7:46  Mutalisk  
  100  7:53  Roach Warren  
  100  7:55  Zergling x6  
  102  8:03  Spine Crawler  
  101  8:06  Drone x8  
  101  8:08  Extractor  
  108  8:25  Drone x4  
  112  8:28  Queen  
  114  8:36  Mutalisk x3  
  120  8:44  Zergling x4  
  122  8:55  Baneling Nest, Roach x3  
  128  8:56  Roach  
  128  8:59  Zergling x2  
  128  9:00  Overlord x3  
  128  9:01  Overlord  
  130  9:17  Overlord x4  
  130  9:19  Mutalisk  
  130  9:20  Mutalisk x5  
  142  9:40  Centrifical Hooks  
  142  9:44  Mutalisk  
  142  9:45  Mutalisk x4  
  144  9:49  Zergling x6  
  144  9:50  Zergling x4  
  157  9:54  Evolution Chamber  
  157  9:56  Evolution Chamber  
  155  10:06  Baneling x4  
  155  10:07  Baneling x7  
  155  10:08  Baneling x6  
  155  10:26  Roach  
  155  10:27  Roach x9  
  148  10:46  Mutalisk, Zergling x2  
  148  10:47  Roach  
  148  10:49  Mutalisk x3  
  139  10:51  Zergling x2  
  139  10:52  Zergling x4  
  146  10:59  Zergling x2  
  146  11:02  Overseer  
Tags
 
Add a new tag
Caveats
  • Supply blocks, unpowered buildings, or Contaminate may cause inaccurate times.
  • Supply counts are checked every 10 seconds.